 Dungeon Crawl Stone Soup version 0.26-a0-542-gbaa144ba5c (webtiles) character file.

Game seed: 224817750729947944

568380 ReteAZ the Brawler (level 27, -3/196 HPs)
             Began as a Gnoll Fighter on Aug 17, 2020.
             Was the Champion of the Shining One.
             Slain by an azure jelly (12 damage)
             ... created by the Royal Jelly
             ... on level 5 of the Pits of Slime on Aug 18, 2020.
             The game lasted 02:39:14 (74901 turns).

ReteAZ the Brawler (Gnoll Fighter)                 Turns: 74901, Time: 02:39:14

Health: -3/196     AC: 13    Str: 18    XL:     27
Magic:  49/49      EV: 16    Int: 22    God:    the Shining One [******]
Gold:   3189       SH: 18    Dex: 16    Spells: 54/60 levels left

rFire    + + .     SeeInvis .   a - +9 broad axe (elec)
rCold    + . .     Faith    .   y - +3 kite shield {reflect}
rNeg     + + +     Spirit   .   i - +2 plate armour {MR+}
rPois    .         Reflect  +   Q - +2 helmet
rElec    .         Harm     .   s - +2 cloak {rCorr}
rCorr    +                      c - +2 pair of gloves {Str+3}
MR       ++++.                  K - +1 pair of boots of Sloth {Int+2 Slay+2}
Stlth    +.........             u - amulet of regeneration
HPRegen  0.82/turn              U - ring of the Vendetta {MR+ MP+9}
MPRegen  0.31/turn              Z - ring of the Ladybird {+Inv +Fly rF++ rC+ rN+}

@: corroded, glowing, studying 3 skills
A: distributed training, fangs 1, deformed body, deterioration 1, dopey 1, frail
1, low mp 1, screaming 1, weak 2, strong nose
}: 2/15 runes: decaying, serpentine
a: Divine Shield, Cleansing Flame, Summon Divine Warrior, Renounce Religion,
Evoke Invisibility, Evoke Flight


You were on level 5 of the Pits of Slime.
You worshipped the Shining One.
The Shining One was exalted by your worship.
You visited 12 branches of the dungeon, and saw 53 of its levels.
You visited 1 bazaar.

You collected 7186 gold pieces.
You spent 3997 gold pieces at shops.

Inventory:

Hand Weapons
 a - a +9 broad axe of electrocution (weapon)
 b - the +2 rapier "Icoimnam" {flame, rElec rPois Dex+2}
   (You found it on level 2 of the Lair of Beasts)

   It has been specially enchanted to burn those struck by it, causing extra
   injury to most foes and up to half again as much damage against particularly
   susceptible opponents.
   It affects your dexterity (+2).
   It insulates you from electricity.
   It protects you from poison.
 v - a +9 broad axe of holy wrath
 H - a +2 trident of venom
Missiles
 g - 5 javelins
 m - 12 silver javelins (quivered)
 D - 122 poisoned darts
 R - 3 throwing nets
Armour
 c - a +2 pair of gloves of strength (worn)
 i - a +2 plate armour of magic resistance (worn)
 l - the +9 plate armour of Minor Irritation {rF+}
   (You bought it in a shop on level 2 of the Orcish Mines)

   It protects you from fire.
 s - a +2 cloak of preservation (worn)
 y - a +3 kite shield of reflection (worn)
 K - the +1 pair of boots of Sloth (worn) {Int+2 Slay+2}
   (You bought it in a shop on level 4 of the Vaults)

   It affects your intelligence (+2).
   It affects your accuracy and damage with ranged weapons and melee attacks
   (+2).
 M - a +1 pair of boots of flying
 Q - a +2 helmet (worn)
Jewellery
 u - an amulet of regeneration (around neck)
 z - the ring of Othi Rim {Ice +Inv rElec rPois}
   (You took it off a deep elf demonologist on level 3 of the Elven Halls)

   [ring of ice]

   It enhances your ice magic.
   It makes you vulnerable to fire.
   It protects you from cold.
   It insulates you from electricity.
   It protects you from poison.
   It lets you turn invisible.
 U - the ring of the Vendetta (left hand) {MR+ MP+9}
   (You took it off a deep elf high priest on level 3 of the Elven Halls)

   [ring of magical power]

   It affects your resistance to hostile enchantments.
   It affects your magic capacity (+9).
 Z - the ring of the Ladybird (right hand) {+Inv +Fly rF++ rC+ rN+}
   (You found it on level 3 of the Lair of Beasts)

   [ring of protection from cold]

   It greatly protects you from fire.
   It protects you from cold.
   It protects you from negative energy.
   It lets you turn invisible.
   It lets you fly.
Wands
 B - a wand of acid (18)
 O - a wand of iceblast (36)
 V - a wand of disintegration (13)
 X - a wand of digging (17)
 Y - a wand of flame (71)
Scrolls
 e - 2 scrolls of blinking
 f - 27 scrolls of teleportation
 h - 11 scrolls of identify
 o - 4 scrolls of enchant armour
 q - 6 scrolls of immolation
 r - 21 scrolls of remove curse
 w - 4 scrolls of fear
 x - 14 scrolls of magic mapping
 C - 3 scrolls of silence
 F - a scroll of enchant weapon
 G - 3 scrolls of summoning
 J - 10 scrolls of fog
Potions
 d - 11 potions of might
 j - 16 potions of curing
 k - 8 potions of haste
 n - 13 potions of brilliance
 p - a potion of cancellation
 t - 9 potions of lignification
 E - 12 potions of berserk rage
 N - 7 potions of ambrosia {AMBROSIA}
 P - a potion of heal wounds
 S - 6 potions of magic
 T - 4 potions of resistance
 W - 7 potions of mutation
Books
 A - a manual of Fire Magic
 I - a manual of Unarmed Combat
 L - a manual of Bows


   Skills:
 + Level 18.3 Fighting
 + Level 17.4 Short Blades
 + Level 17.4 Long Blades
 + Level 17.9 Axes
 + Level 17.4 Maces & Flails
 + Level 17.4 Polearms
 + Level 17.4 Staves
 + Level 17.4 Slings
 + Level 19.0 Bows
 + Level 17.4 Crossbows
 + Level 17.4 Throwing
 + Level 18.3 Armour
 + Level 17.4 Dodging
 + Level 17.4 Stealth
 + Level 18.3 Shields
 + Level 20.9 Unarmed Combat
 + Level 17.4 Spellcasting
 + Level 15.0 Conjurations
 + Level 15.0 Hexes
 + Level 15.0 Summonings
 + Level 15.0 Necromancy
 + Level 15.0 Translocations
 + Level 15.0 Transmutations
 + Level 18.1 Fire Magic
 + Level 15.0 Ice Magic
 + Level 15.0 Air Magic
 + Level 15.0 Earth Magic
 + Level 15.0 Poison Magic
 + Level 18.8 Invocations
 + Level 17.4 Evocations


You had 54 spell levels left.
You knew the following spells:

 Your Spells              Type           Power        Failure   Level
a - Statue Form           Tmut/Erth      ######...    10%         6

Your spell library contained the following spells:

 Spells                   Type           Power        Failure   Level
 Apportation              Tloc           ######       1%          1
 Beastly Appendage        Tmut           ######       1%          1
 Corona                   Hex            ######.      1%          1
 Foxfire                  Conj/Fire      ####         1%          1
 Freeze                   Ice            ####         1%          1
 Magic Dart               Conj           ####         1%          1
 Sandblast                Erth           ######       1%          1
 Shock                    Conj/Air       ####         1%          1
 Summon Small Mammal      Summ           ####         1%          1
 Blink                    Tloc           N/A          1%          2
 Call Imp                 Summ           ######..     1%          2
 Corpse Rot               Necr/Air       N/A          1%          2
 Passwall                 Tmut/Erth      ######..     1%          2
 Poisonous Vapours        Pois/Air       ######       1%          2
 Searing Ray              Conj           ######       1%          2
 Slow                     Hex            ######..     1%          2
 Sublimation of Blood     Necr           ######....   1%          2
 Swiftness                Air            ######..     1%          2
 Wereblood                Tmut           ######..     1%          2
 Conjure Flame            Conj/Fire      #######.     1%          3
 Dazzling Flash           Conj/Hex       ######       1%          3
 Frozen Ramparts          Ice            ######       1%          3
 Gell's Gravitas          Tloc           ######....   1%          3
 Ignite Poison            Fire/Tmut/Pois ######..     1%          3
 Inner Flame              Hex/Fire       #######.     1%          3
 Lesser Beckoning         Tloc           ######....   1%          3
 Mephitic Cloud           Conj/Pois/Air  ######..     1%          3
 Ozocubu's Armour         Ice            ######..     1%          3
 Portal Projectile        Hex/Tloc       ######       1%          3
 Spider Form              Tmut/Pois      ######....   1%          3
 Static Discharge         Conj/Air       ######..     1%          3
 Stone Arrow              Conj/Erth      ######       1%          3
 Teleport Other           Tloc           ######..     1%          3
 Tukima's Dance           Hex            ######..     1%          3
 Airstrike                Air            ######....   1%          4
 Animate Dead             Necr           ######....   1%          4
 Cause Fear               Hex            ######....   1%          4
 Dispel Undead            Necr           ######..     1%          4
 Fulminant Prism          Conj/Hex       ######....   1%          4
 Hailstorm                Conj/Ice       ######..     1%          4
 Ice Form                 Ice/Tmut       ######..     1%          4
 Iskenderun's Mystic Bla  Conj/Tloc      ######..     1%          4
 Leda's Liquefaction      Hex/Erth       ######....   1%          4
 Passage of Golubria      Tloc           N/A          1%          4
 Petrify                  Tmut/Erth      ######..     1%          4
 Sticky Flame             Conj/Fire      #######.     1%          4
 Summon Ice Beast         Ice/Summ       ######..     1%          4
 Summon Lightning Spire   Summ/Air       ######..     1%          4
 Agony                    Necr           ######..     1%          5
 Alistair's Intoxication  Tmut/Pois      ######...    1%          5
 Blade Hands              Tmut           ######....   1%          5
 Bolt of Magma            Conj/Fire/Erth ######....   1%          5
 Borgnjor's Vile Clutch   Necr/Erth      ######....   1%          5
 Excruciating Wounds      Necr           ######....   1%          5
 Fireball                 Conj/Fire      #######...   1%          5
 Irradiate                Conj/Tmut      ######....   1%          5
 Iskenderun's Battlesphe  Conj           ######..     1%          5
 Lee's Rapid Deconstruct  Erth           ######....   1%          5
 Lightning Bolt           Conj/Air       ######....   1%          5
 Metabolic Englaciation   Hex/Ice        ######....   1%          5
 Summon Demon             Summ           ######....   1%          5
 Summon Forest            Summ/Tloc      ######....   1%          5
 Summon Mana Viper        Hex/Summ       ######..     1%          5
 Death Channel            Necr           ######....   10%         6
 Dispersal                Tloc           ######....   10%         6
 Eringya's Noxious Bog    Tmut/Pois      ######....   10%         6
 Freezing Cloud           Conj/Ice/Air   ######....   10%         6
 Hydra Form               Tmut           ######....   10%         6
 Invisibility             Hex            ######..     10%         6
 Iron Shot                Conj/Erth      ######....   10%         6
 Ozocubu's Refrigeration  Ice            ######....   10%         6
 Shadow Creatures         Summ           N/A          10%         6
 Simulacrum               Ice/Necr       ######....   10%         6
 Dragon Form              Tmut           ######....   45%         7
 Orb of Destruction       Conj           ######....   45%         7
 Spellforged Servitor     Conj/Summ      ######....   45%         7
 Summon Hydra             Summ           ######....   45%         7
 Controlled Blink         Tloc           N/A          99%         8
 Disjunction              Tloc           ######....   99%         8
 Dragon's Call            Summ           ######....   100%        9


Dungeon Overview and Level Annotations

Branches:
Dungeon (15/15)            Temple (1/1) D:4            Lair (6/6) D:10
  Swamp (4/4) Lair:4        Snake (4/4) Lair:3        Slime (5/5) Lair:6
    Orc (2/2) D:11            Elf (3/3) Orc:2        Vaults (4/5) D:13
  Crypt (3/3) Vaults:2       Tomb (0/3) Crypt:3      Depths (5/5) D:15
   Hell (visited)             Dis (0/7) Hell            Geh (0/7) Hell
    Coc (0/7) Hell            Tar (0/7) Hell            Zot (0/5) Depths:5

Altars:
Ashenzari
Cheibriados
Dithmenos
Elyvilon
Fedhas
Gozag
Hepliaklqana
Kikubaaqudgha
Makhleb
Nemelex Xobeh
Okawaru
Qazlal
Ru
Sif Muna
Trog
Uskayaw
Vehumet
Wu Jian
Xom
Yredelemnul
Zin
The Shining One
Beogh
Jiyva

Shops:
D:11 ?   D:14 }   Orc:1 (   Orc:2 [*=(   Elf:1 *   Elf:3 *   Vaults:3 [
Vaults:4 [   Depths:2 ?[*

Portals:
Hell: Depths:1 Depths:2 Depths:3 Depths:4 Depths:5
Abyss: Depths:2 Depths:4 Depths:5
Pandemonium: Depths:3 Depths:4
Ziggurat: Depths:1
Trove: Depths:2 (give +5 fire dragon scales)

Annotations:
Lair:5 exclusion: 2 oklob plants
Slime:5 Royal Jelly
Depths:1 2 transporters, Reon's ghost, veteran TrMo


Innate Abilities, Weirdness & Mutations

Your experience applies equally to all skills.
You have very sharp teeth.
Your uncanny sense of smell can sniff out nearby items.
Armour fits poorly on your strangely shaped body.
Your body sometimes deteriorates upon taking damage.
You are dopey. (Int -2)
You are frail. (-10% HP)
Your magical capacity is low. (-10% MP)
You occasionally shout uncontrollably at your foes.
You are very weak. (Str -4)


Message History

The azure jelly hits you but does no damage.
The azure jelly closely misses you. x2
The azure jelly hits you but does no damage.
The azure jelly misses you.
The azure jelly hits you but does no damage.
You block the azure jelly's attack. The azure jelly completely misses you.
There is a stone staircase leading up here.
The azure jelly hits you.
* * * LOW HITPOINT WARNING * * *
The azure jelly freezes you! You resist.
* * * LOW HITPOINT WARNING * * *
The azure jelly barely misses you. You block the azure jelly's attack.
The azure jelly hits you but does no damage.
The azure jelly barely misses you. You block the azure jelly's attack.
The azure jelly barely misses you. You block the azure jelly's attack.
The azure jelly jiggles.
The azure jelly completely misses you. The azure jelly hits you!
* * * LOW HITPOINT WARNING * * *
The azure jelly freezes you! You resist.
You die...

.................................
.................................
...........................^.....
.................................
#..............J.................
##.............J.................
#...............J..............##
###............JJJ.......#.....#
###..#........@........##...##
####.##.............## ##.#
####............## ##
###.###....### ### ...### ####


You could see an acid blob, 3 azure jellies and 2 death oozes.

Vanquished Creatures
  Mara (Depths:1)
  A juggernaut (Depths:3)
  Vashnia (Snake:3)
  Saint Roka (Orc:2)
  Geryon (Hell)
  2 golden dragons
  Jory (Depths:4)
  A bone dragon (Crypt:3)
  A profane servitor (Crypt:3)
  Rupert (D:12)
  2 tentacled monstrosities
  2 titans (Depths:5)
  3 liches
  A deep elf blademaster (Elf:2)
  Gastronok (D:10)
  A deep elf master archer (Elf:3)
  18 acid blobs
  3 ancient champions
  3 sphinxes (Depths:3)
  3 shadow dragons
  2 storm dragons
  5 thorn hunters (Swamp:3)
  4 revenants
  5 azure jellies
  A draconian monk (Depths:5)
  10 nagarajas
  3 tengu reavers
  3 frost giants
  12 vault wardens
  9 deep elf sorcerers
  A draconian scorcher (Depths:5)
  3 fire giants
  10 ghouls
  A balrug (Hell)
  An iron dragon (Hell)
  2 ghost moths (Depths:4)
  4 deep elf elementalists (Elf:3)
  A spriggan defender (Depths:3)
  A curse skull (Crypt:3)
  A draconian annihilator (Depths:5)
  16 stone giants
  10 ironheart preservers
  3 war gargoyles
  3 reapers (Hell)
  Nessos (D:13)
  An entropy weaver (Vaults:2)
  12 vampire knights
  20 very ugly things
  A white draconian (Depths:5)
  4 deep elf demonologists (Elf:3)
  A spark wasp (shapeshifter) (Depths:2)
  6 deep elf annihilators (Elf:3)
  A green draconian (Depths:5)
  A purple draconian (Depths:5)
  3 spark wasps (Depths:1)
  A red draconian (Depths:5)
  2 yellow draconians (Depths:5)
  Snorg (Lair:3)
  7 ettins
  2 deep elf death magi
  A merfolk javelineer (Depths:2)
  A mummy priest (Crypt:3)
  A crystal guardian (Vaults:4)
  9 fire dragons
  9 death oozes
  11 eidola
  12 jiangshi
  14 yaktaur captains
  4 deep elf high priests (Elf:3)
  3 green deaths
  10 ice dragons
  11 great orbs of eyes
  17 naga warriors
  5 rakshasas
  25 hydras
  2 hell beasts (Swamp:4)
  4 shambling mangroves
  3 spriggan air magi
  13 vault guards
  12 anacondas
  3 ghost crabs
  A catoblepas (Depths:3)
  A two-headed ogre (shapeshifter) (Vaults:4)
  7 death knights
  3 tengu warriors
  47 two-headed ogres
  30 dancing weapons
  A death yak (D:10)
  8 centaur warriors
  14 alligators
  12 deep troll shamans
  11 ogre magi
  9 deep troll earth magi
  5 spriggan berserkers
  5 hell hogs (Hell)
  Urug (Lair:5)
  An orc high priest (Orc:2)
  5 sun demons (Hell)
  7 shock serpents
  8 vampire magi
  10 soul eaters
  12 naga sharpshooters
  32 deep elf knights
  2 storm dragon zombies
  17 hell knights
  4 iron trolls
  23 shadow wraiths
  51 skeletal warriors
  2 salamander mystics
  A spriggan druid (Swamp:4)
  An anaconda zombie (Hell)
  A sea snake (shapeshifter) (Depths:3)
  18 flayed ghosts
  2 golden dragon zombies
  2 unseen horrors
  A glowing orange brain (Vaults:2)
  8 naga ritualists
  3 shadow dragon zombies
  A deep troll (shapeshifter) (Depths:3)
  27 phantasmal warriors
  10 swamp dragons
  An iron giant skeleton (Crypt:1)
  A wolf spider zombie (Crypt:3)
  32 deep trolls
  13 deep elf archers
  2 anaconda skeletons
  5 harpies
  9 wizards
  10 mana vipers
  14 ironbrand convokers
  A harpy (shapeshifter) (Vaults:3)
  5 orc knights
  4 shining eyes
  A lindwurm (Lair:6)
  A shadow dragon skeleton (Crypt:2)
  3 stone giant zombies
  8 wolf spiders
  49 ugly things
  13 necromancers
  An oklob plant (Swamp:3)
  48 deep elf magi
  3 orc sorcerers (Orc:2)
  8 manticores (Depths:3)
  6 cyclopes
  9 salamanders
  2 frost giant zombies
  Maurice (Orc:1)
  22 guardian serpents
  2 frost giant skeletons
  2 fire giant zombies
  3 rust devils
  3 elephants (Lair:3)
  An eye of devastation (Slime:2)
  2 fire giant skeletons
  8 smoke demons (Hell)
  48 black mambas
  13 vault sentinels
  A stone giant skeleton (Crypt:1)
  5 torpor snails (Lair:6)
  A gargoyle (D:12)
  20 naga magi
  4 orange demons (Swamp:4)
  A catoblepas zombie (Crypt:2)
  22 cane toads
  Maggie (D:10)
  A cane toad (shapeshifter) (D:15)
  A hellion (Hell)
  A rime drake (Lair:2)
  3 tengu conjurers
  23 freezing wraiths
  2 anaconda simulacra
  34 yaktaurs
  9 komodo dragons
  7 ice devils (Hell)
  A red draconian skeleton (Crypt:1)
  5 red devils (Hell)
  4 jumping spiders (Crypt:3)
  A queen bee (Lair:3)
  A ghost moth simulacrum (Crypt:2)
  2 polar bears
  A harpy zombie (Crypt:2)
  A hydra zombie (Crypt:3)
  A raiju (shapeshifter) (Vaults:3)
  8 trolls
  8 tyrant leeches
  35 hornets
  A wolf spider simulacrum (D:14)
  5 hydra skeletons
  The ghost of hemabe71 the Charlatan, an amateur HuAr (D:5)
  16 blink frogs
  A dream sheep (shapeshifter) (Vaults:2)
  Grinder (D:4)
  A wind drake (shapeshifter) (Vaults:3)
  11 bog bodies
  123 slime creatures
  A fire giant simulacrum (Vaults:1)
  A meliai zombie (D:15)
  A fire dragon zombie (Crypt:3)
  5 hippogriffs
  A large abomination (Swamp:4)
  4 ice dragon zombies
  A human simulacrum (Vaults:1)
  2 tarantellas (shapeshifter)
  15 wraiths
  12 spriggans
  12 shadows
  An ettin skeleton (Crypt:2)
  5 ettin zombies
  6 flying skulls (Crypt:2)
  A spriggan (shapeshifter) (Vaults:2)
  4 air elementals
  49 yaks
  10 wyverns
  A vampire (D:15)
  6 redbacks
  18 water elementals
  An alligator skeleton (Crypt:1)
  A yak (shapeshifter) (Depths:3)
  6 golden eyes (Slime:3)
  A basilisk (shapeshifter) (Elf:3)
  10 fire elementals
  20 humans (D:13)
  3 basilisks
  24 vampire mosquitoes
  Menkaure (D:6)
  A steam dragon (D:11)
  5 insubstantial wisps (Swamp:4)
  7 wargs
  61 nagas
  20 swamp worms
  3 acid dragons
  A soldier ant (shapeshifter) (Vaults:2)
  Duvessa (D:4)
  21 water moccasins
  A floating eye (Depths:5)
  5 hell hounds
  5 cane toad zombies
  8 porcupines
  A deep troll skeleton (Crypt:2)
  26 orc warriors
  10 swamp drakes
  4 ice beasts
  2 black bears
  2 sky beasts
  A swamp dragon zombie (Crypt:3)
  An elephant zombie (Crypt:2)
  2 eyes of draining
  3 phantoms
  15 necrophages
  A wolf (shapeshifter) (Vaults:1)
  23 ogres
  3 snapping turtle zombies
  8 boggarts
  18 centaurs
  4 wolves (Orc:2)
  15 crocodiles
  An orc skeleton (Vaults:1)
  A swamp dragon skeleton (Crypt:1)
  2 hog skeletons
  A big kobold (D:7)
  21 bullfrogs
  Blork the orc (D:4)
  A wyvern zombie (Crypt:2)
  8 earth elementals
  3 cane toad simulacra
  A gnoll sergeant (D:11)
  Dowan (D:4)
  6 wyvern skeletons (Crypt:3)
  7 scorpions
  A spriggan zombie (Crypt:2)
  A warg zombie (Crypt:2)
  36 killer bees
  8 wights
  An oklob sapling (Swamp:3)
  2 electric eels (Lair:3)
  A howler monkey (D:6)
  3 centaur zombies
  4 quasits
  A bullfrog zombie (D:12)
  4 crimson imps
  7 hounds
  10 orc priests
  4 centaur skeletons
  8 jellies
  26 orc wizards
  3 iron imps (Hell)
  A human skeleton (Crypt:2)
  4 iguanas
  8 worker ants
  3 yak simulacra (Lair:5)
  4 wolf simulacra (Lair:5)
  An ogre zombie (Crypt:2)
  A crocodile skeleton (Crypt:1)
  A dwarf skeleton (Crypt:1)
  An ogre skeleton (Crypt:1)
  2 hound zombies
  A mummy (Crypt:3)
  A howler monkey zombie (Crypt:2)
  13 gnolls
  18 adders
  A shadow imp (D:7)
  3 white imps
  An ufetubus (D:6)
  4 oozes (Lair:6)
  A worm (D:5)
  A worm (shapeshifter) (Vaults:1)
  A dart slug (D:1)
  4 leopard geckos
  99 orcs
  4 ball pythons
  8 bats
  7 giant cockroaches
  3 goblins
  7 hobgoblins
  5 jackals
  9 kobolds
  6 quokkas
  8 frilled lizards
  A jackal skeleton (D:6)
  A leopard gecko skeleton (D:7)
  A leopard gecko zombie (D:6)
  A quokka skeleton (Crypt:2)
  4 rats
  4 river rat simulacra (Lair:5)
  13 briar patches (Swamp:3)
  5 fungi (Swamp:3)
  11 plants
  4 withered plants (Crypt:3)
2466 creatures vanquished.

Vanquished Creatures (collateral kills)
  Bai Suzhen (Snake:4)
  Donald (Snake:2)
  A nagaraja (Snake:4)
  Louise (D:15)
  A curse skull (Crypt:3)
  A rakshasa (Depths:1)
  An anaconda (Snake:4)
  Nergalle (Orc:2)
  A skeletal warrior (Crypt:1)
  2 orc knights (Orc:2)
  A necromancer (Crypt:1)
  6 ugly things (D:15)
  A guardian serpent (Snake:4)
  A freezing wraith (Crypt:1)
  An ice dragon skeleton (Crypt:1)
  A black mamba zombie (Crypt:1)
  2 ushabtiu (Crypt:3)
  2 nagas (Snake:4)
  4 orc warriors (Orc:2)
  2 orc priests (Orc:2)
  2 orc wizards (Orc:2)
  A naga skeleton (Crypt:1)
  An orc (Orc:2)
36 creatures vanquished.

Vanquished Creatures (others)
  2 fire giants
  Aizul (Snake:4)
  A very ugly thing (Depths:5)
  An alligator (Swamp:4)
  A deep troll earth mage (Depths:5)
  A harpy (shapeshifter) (Elf:1)
  A deep elf mage (Elf:3)
  A naga mage (Snake:2)
  A naga (Snake:2)
  A boggart (Depths:3)
  2 briar patches (Swamp:3)
  23 fungi
  37 plants
  36 withered plants
109 creatures vanquished.

Grand Total: 2611 creatures vanquished

Notes
Turn   | Place    | Note
-------+----------+-------------------------------------------
     0 | D:1      | ReteAZ the Gnoll Fighter began the quest for the Orb.
     0 | D:1      | Reached XP level 1. HP: 23/23 MP: 1/1
   305 | D:1      | Reached XP level 2. HP: 29/29 MP: 2/2
   372 | D:1      | Found a shimmering altar of Xom.
   696 | D:2      | Reached XP level 3. HP: 35/35 MP: 3/3
  1214 | D:2      | Reached skill level 1 in Invocations
  1512 | D:2      | Reached skill level 1 in Short Blades
  1512 | D:2      | Reached skill level 1 in Long Blades
  1512 | D:2      | Reached skill level 1 in Maces & Flails
  1512 | D:2      | Reached skill level 1 in Polearms
  1512 | D:2      | Reached skill level 1 in Staves
  1512 | D:2      | Reached skill level 1 in Slings
  1512 | D:2      | Reached skill level 1 in Bows
  1512 | D:2      | Reached skill level 1 in Crossbows
  1512 | D:2      | Reached skill level 1 in Throwing
  1512 | D:2      | Reached skill level 1 in Dodging
  1512 | D:2      | Reached skill level 1 in Stealth
  1512 | D:2      | Reached skill level 1 in Unarmed Combat
  1512 | D:2      | Reached skill level 1 in Spellcasting
  1512 | D:2      | Reached skill level 1 in Evocations
  1512 | D:2      | Reached XP level 4. HP: 24/41 MP: 5/5
  1859 | D:3      | Found a basalt altar of Yredelemnul.
  1997 | D:3      | Reached skill level 1 in Conjurations
  1997 | D:3      | Reached skill level 1 in Hexes
  1997 | D:3      | Reached skill level 1 in Summonings
  1997 | D:3      | Reached skill level 1 in Necromancy
  1997 | D:3      | Reached skill level 1 in Translocations
  1997 | D:3      | Reached skill level 1 in Transmutations
  1997 | D:3      | Reached skill level 1 in Fire Magic
  1997 | D:3      | Reached skill level 1 in Ice Magic
  1997 | D:3      | Reached skill level 1 in Air Magic
  1997 | D:3      | Reached skill level 1 in Earth Magic
  1997 | D:3      | Reached skill level 1 in Poison Magic
  2106 | D:3      | Reached XP level 5. HP: 18/47 MP: 5/7
  2324 | D:3      | Found a faded altar of an unknown god.
  2809 | D:4      | Found a staircase to the Ecumenical Temple.
  2838 | D:4      | Noticed a necrophage
  2857 | Temple   | Entered the Ecumenical Temple
  3065 | Temple   | Became a worshipper of the Shining One
  3091 | D:4      | Killed a necrophage
  3091 | D:4      | Reached XP level 6. HP: 48/52 MP: 8/8
  3122 | D:4      | Noticed Grinder
  3133 | D:4      | Killed Grinder
  3133 | D:4      | Reached skill level 5 in Axes
  3133 | D:4      | Reached skill level 2 in Unarmed Combat
  3133 | D:4      | Reached XP level 7. HP: 32/58 MP: 8/10
  3335 | D:4      | Noticed Blork the orc
  3346 | D:4      | Killed Blork the orc
  3819 | D:4      | Noticed Duvessa
  3819 | D:4      | Noticed Dowan
  3828 | D:4      | Killed Duvessa
  3864 | D:4      | Killed Dowan
  4111 | D:4      | Reached XP level 8. HP: 40/67 MP: 12/12
  4339 | D:4      | Found a burning altar of Makhleb.
  4502 | D:5      | Entered Level 5 of the Dungeon
  4506 | D:5      | Found an opulent altar of Gozag.
  4507 | D:5      | Found an ornate altar of the Wu Jian Council.
  4510 | D:5      | Found a glowing silver altar of Zin.
  4511 | D:5      | Found a shimmering altar of Xom.
  4512 | D:5      | Found an iron altar of Okawaru.
  4523 | D:5      | Reached skill level 3 in Unarmed Combat
  4909 | D:5      | Found a blossoming altar of Fedhas.
  5009 | D:5      | Found a shattered altar of Ashenzari.
  5351 | D:5      | Found a runed translucent door.
  5352 | D:5      | Noticed hemabe71's ghost (amateur HuAr)
  5770 | D:6      | Found a sacrificial altar of Ru.
  5832 | D:6      | Reached * piety under the Shining One
  5953 | D:6      | Found a shimmering blue altar of Sif Muna.
  5995 | D:6      | Noticed Menkaure
  6002 | D:6      | Killed Menkaure
  6002 | D:6      | Reached XP level 9. HP: 36/73 MP: 14/14
  6005 | D:6      | Got a crude ring mail
  6072 | D:6      | Identified the +3 ring mail of Benevolence {rPois} (You
                  | found it on level 6 of the Dungeon)
  6569 | D:6      | Reached skill level 4 in Unarmed Combat
  6860 | D:7      | Reached ** piety under the Shining One
  7084 | D:8      | Reached skill level 5 in Invocations
  7414 | D:8      | Noticed a green ugly thing
  7429 | D:8      | Killed a green ugly thing
  7429 | D:8      | Reached XP level 10. HP: 68/80 MP: 17/17
  7436 | D:8      | Reached skill level 5 in Short Blades
  7436 | D:8      | Reached skill level 5 in Long Blades
  7436 | D:8      | Reached skill level 5 in Maces & Flails
  7436 | D:8      | Reached skill level 5 in Polearms
  7436 | D:8      | Reached skill level 5 in Staves
  7436 | D:8      | Reached skill level 5 in Slings
  7436 | D:8      | Reached skill level 5 in Bows
  7436 | D:8      | Reached skill level 5 in Crossbows
  7436 | D:8      | Reached skill level 5 in Throwing
  7436 | D:8      | Reached skill level 5 in Dodging
  7436 | D:8      | Reached skill level 5 in Stealth
  7436 | D:8      | Reached skill level 5 in Unarmed Combat
  7436 | D:8      | Reached skill level 5 in Spellcasting
  7436 | D:8      | Reached skill level 5 in Evocations
  7593 | D:8      | Noticed a two-headed ogre
  7604 | D:8      | Killed a two-headed ogre
  8533 | D:9      | Reached *** piety under the Shining One
  8754 | D:9      | Noticed a two-headed ogre
  8982 | D:9      | Reached XP level 11. HP: 76/87 MP: 19/19
  9055 | D:9      | Killed a two-headed ogre
  9055 | D:9      | Reached skill level 6 in Unarmed Combat
  9055 | D:9      | Reached skill level 5 in Conjurations
  9055 | D:9      | Reached skill level 5 in Hexes
  9055 | D:9      | Reached skill level 5 in Summonings
  9055 | D:9      | Reached skill level 5 in Necromancy
  9055 | D:9      | Reached skill level 5 in Translocations
  9055 | D:9      | Reached skill level 5 in Transmutations
  9055 | D:9      | Reached skill level 5 in Fire Magic
  9055 | D:9      | Reached skill level 5 in Ice Magic
  9055 | D:9      | Reached skill level 5 in Air Magic
  9055 | D:9      | Reached skill level 5 in Earth Magic
  9055 | D:9      | Reached skill level 5 in Poison Magic
  9492 | D:10     | Entered Level 10 of the Dungeon
  9495 | D:10     | Found a staircase to the Lair.
  9495 | D:10     | Noticed a death yak
  9543 | D:10     | Noticed Maggie
  9561 | D:10     | Killed Maggie
  9606 | D:10     | Noticed a two-headed ogre
  9617 | D:10     | Killed a two-headed ogre
  9735 | D:10     | Killed a death yak
  9908 | D:10     | Noticed Gastronok
  9926 | D:10     | Killed Gastronok
 10258 | D:11     | Reached XP level 12. HP: 79/96 MP: 22/22
 10351 | D:11     | Found a staircase to the Orcish Mines.
 10465 | D:11     | Reached skill level 7 in Unarmed Combat
 10755 | D:11     | Found Ixzifovei's Magic Scroll Shop.
 10764 | D:11     | Bought a scroll of blinking for 97 gold pieces
 10764 | D:11     | Bought a scroll of fog for 26 gold pieces
 10764 | D:11     | Bought a scroll of enchant armour for 97 gold pieces
 11602 | D:12     | Noticed Rupert
 11640 | D:12     | Paralysed by Rupert for 4 turns
 11845 | D:12     | Noticed a five-headed hydra
 11845 | D:12     | Reached **** piety under the Shining One
 11876 | Lair:1   | Entered Level 1 of the Lair of Beasts
 12347 | Lair:1   | Reached skill level 10 in Fighting
 12347 | Lair:1   | Reached skill level 10 in Armour
 12347 | Lair:1   | Reached skill level 10 in Shields
 12349 | Lair:1   | You fall into a shaft and drop 1 floor!
 12349 | Lair:2   | Noticed a four-headed hydra
 12946 | Lair:2   | Killed a four-headed hydra
 13177 | Lair:2   | Noticed a five-headed hydra
 13199 | Lair:2   | Killed a five-headed hydra
 13199 | Lair:2   | Reached XP level 13. HP: 103/103 MP: 24/24
 13764 | Lair:2   | Got a smouldering rapier
 13765 | Lair:2   | Identified the +2 rapier "Icoimnam" {flame, rElec rPois
                  | Dex+2} (You found it on level 2 of the Lair of Beasts)
 13957 | Lair:3   | Reached skill level 8 in Unarmed Combat
 14026 | Lair:3   | Noticed Snorg
 14069 | Lair:3   | Killed Snorg
 14594 | Lair:3   | Got a heavily runed steel ring
 14608 | Lair:3   | Identified the ring of the Ladybird {+Inv +Fly rF++ rC+
                  | rN+} (You found it on level 3 of the Lair of Beasts)
 14651 | Lair:3   | Found a staircase to the Snake Pit.
 15880 | Lair:4   | Found a staircase to the Swamp.
 16961 | Lair:5   | Noticed Urug
 16975 | Lair:5   | Killed Urug
 18055 | Lair:6   | Entered Level 6 of the Lair of Beasts
 18224 | Lair:6   | Reached ***** piety under the Shining One
 18769 | Lair:6   | Reached XP level 14. HP: 68/111 MP: 26/26
 18812 | Lair:6   | Reached skill level 10 in Axes
 19554 | Lair:6   | Found a runed translucent door.
 19635 | Lair:6   | Reached skill level 9 in Unarmed Combat
 20957 | Lair:6   | Reached skill level 10 in Invocations
 21851 | Lair:6   | Found a runed translucent door.
 21853 | Lair:6   | Found a viscous altar of Jiyva.
 21859 | Lair:6   | Found a staircase to the Slime Pits.
 22875 | Lair:6   | Identified the +5 ring mail of Upsynic {rN+ Str+3} (You
                  | found it on level 6 of the Lair of Beasts)
 23481 | D:12     | Paralysed by Rupert for 5 turns
 23502 | D:12     | Killed Rupert
 24200 | D:13     | Noticed Nessos
 24246 | D:13     | Killed Nessos
 24416 | D:13     | Reached XP level 15. HP: 102/119 MP: 28/28
 24907 | D:13     | Found a gate to the Vaults.
 25127 | D:14     | Found Oqerigusch's Gadget Shop.
 25619 | D:14     | Reached skill level 10 in Short Blades
 25619 | D:14     | Reached skill level 10 in Long Blades
 25619 | D:14     | Reached skill level 10 in Maces & Flails
 25619 | D:14     | Reached skill level 10 in Polearms
 25619 | D:14     | Reached skill level 10 in Staves
 25619 | D:14     | Reached skill level 10 in Slings
 25619 | D:14     | Reached skill level 10 in Bows
 25619 | D:14     | Reached skill level 10 in Crossbows
 25619 | D:14     | Reached skill level 10 in Throwing
 25619 | D:14     | Reached skill level 10 in Dodging
 25619 | D:14     | Reached skill level 10 in Stealth
 25619 | D:14     | Reached skill level 10 in Unarmed Combat
 25619 | D:14     | Reached skill level 10 in Spellcasting
 25619 | D:14     | Reached skill level 10 in Evocations
 26048 | D:15     | Entered Level 15 of the Dungeon
 26391 | D:15     | Noticed Louise
 26400 | D:15     | Killed Louise
 26558 | D:15     | Identified the ring of Qadymosub {rCorr Int+7}
 26988 | D:15     | Found a staircase to the Depths.
 27029 | D:15     | Found an ancient bone altar of Kikubaaqudgha.
 27660 | Orc:1    | Entered Level 1 of the Orcish Mines
 27660 | Orc:1    | Found Rowniuck's Weapon Boutique.
 28026 | Orc:1    | Noticed Maurice
 28053 | Orc:1    | Killed Maurice
 28270 | Orc:2    | Entered Level 2 of the Orcish Mines
 28747 | Orc:2    | Noticed Nergalle
 29295 | Orc:2    | Noticed Saint Roka
 29357 | Orc:2    | Killed Saint Roka
 29557 | Orc:2    | Killed Nergalle
 29562 | Orc:2    | Found a roughly hewn altar of Beogh.
 29575 | Orc:2    | Found Ciymeom's Antique Weapon Boutique.
 29576 | Orc:2    | Reached XP level 16. HP: 74/127 MP: 22/30
 29585 | Orc:2    | Found Evaur's Antique Armour Boutique.
 29628 | Orc:2    | Found Zeucvuc's Jewellery Boutique.
 29662 | Orc:2    | Found Edduil's General Store.
 29823 | Orc:2    | Found a staircase to the Elven Halls.
 29966 | Orc:2    | Bought a pitted plate armour for 672 gold pieces
 29976 | Orc:2    | Identified the +9 plate armour of Minor Irritation {rF+}
                  | (You bought it in a shop on level 2 of the Orcish Mines)
 30123 | Snake:1  | Entered Level 1 of the Snake Pit
 32435 | Snake:2  | Noticed Donald
 32456 | Snake:2  | Killed Donald
 32915 | Snake:2  | Noticed a nagaraja
 33382 | Snake:2  | Killed a nagaraja
 33600 | Snake:2  | Reached skill level 11 in Unarmed Combat
 34249 | Snake:2  | Noticed a nagaraja
 34349 | Snake:2  | Killed a nagaraja
 35395 | Elf:1    | Entered Level 1 of the Elven Halls
 35593 | Elf:1    | You fall into a shaft and drop 1 floor!
 35706 | Elf:1    | Reached XP level 17. HP: 74/135 MP: 32/32
 36529 | Elf:1    | Found a radiant altar of Vehumet.
 37375 | Elf:1    | Found a radiant altar of Vehumet.
 37549 | Elf:1    | Found Roathuz's General Store.
 37557 | Elf:1    | Bought a potion of curing for 42 gold pieces
 37557 | Elf:1    | Bought a wand of acid (8) for 336 gold pieces
 38657 | Elf:2    | Reached skill level 10 in Conjurations
 38657 | Elf:2    | Reached skill level 10 in Hexes
 38657 | Elf:2    | Reached skill level 10 in Summonings
 38657 | Elf:2    | Reached skill level 10 in Necromancy
 38657 | Elf:2    | Reached skill level 10 in Translocations
 38657 | Elf:2    | Reached skill level 10 in Transmutations
 38657 | Elf:2    | Reached skill level 10 in Fire Magic
 38657 | Elf:2    | Reached skill level 10 in Ice Magic
 38657 | Elf:2    | Reached skill level 10 in Air Magic
 38657 | Elf:2    | Reached skill level 10 in Earth Magic
 38657 | Elf:2    | Reached skill level 10 in Poison Magic
 38670 | Elf:2    | Found a runed translucent gate.
 38671 | Elf:2    | Found a runed translucent gate.
 38672 | Elf:2    | Found a runed translucent gate.
 38883 | Elf:2    | Noticed a deep elf blademaster
 38901 | Elf:2    | Killed a deep elf blademaster
 39766 | Elf:2    | Reached XP level 18. HP: 14/143 MP: 33/33
 40035 | Elf:3    | Entered Level 3 of the Elven Halls
 40037 | Elf:3    | Found Vadirul's General Store.
 40048 | Elf:3    | Bought a scroll of teleportation for 48 gold pieces
 40048 | Elf:3    | Bought a scroll of teleportation for 48 gold pieces
 40071 | Elf:3    | Got a crude steel ring
 40301 | Elf:3    | Reached skill level 12 in Unarmed Combat
 41097 | Elf:3    | Noticed a deep elf master archer
 41112 | Elf:3    | Killed a deep elf master archer
 41985 | Elf:3    | Identified the +10 great sword "Wekut" {drain, +Rage rElec
                  | rF+ Str-2}
 41985 | Elf:3    | Identified the ring of the Vendetta {MR+ MP+9}
 42018 | Elf:3    | Identified the cursed ring of Taahar {rC++ AC-4 Str-4
                  | Dex+4} (You found it on level 3 of the Elven Halls)
 42275 | Elf:3    | Noticed an Ice Fiend
 42486 | Elf:3    | Identified the ring of Othi Rim {Ice +Inv rElec rPois}
 42590 | Elf:3    | Noticed a Brimstone Fiend
 42686 | Elf:3    | Found the +5 demon whip "Spellbinder" {antimagic, MR+}
 42778 | Elf:3    | Identified the Papyrus of Flying Execration
 42782 | Elf:3    | Identified Ketty's Tome of Congealing Creation
 42784 | Elf:3    | Identified Sif Muna's Compendium of Ashen Contamination
 43474 | Snake:3  | Noticed Vashnia
 43818 | Snake:3  | Reached XP level 19. HP: 151/151 MP: 35/35
 44096 | Snake:3  | Killed Vashnia
 44892 | Snake:4  | Entered Level 4 of the Snake Pit
 44956 | Snake:4  | Noticed Aizul
 44966 | Snake:4  | Killed Aizul
 45083 | Snake:4  | Noticed Bai Suzhen
 45132 | Snake:3  | Reached skill level 13 in Unarmed Combat
 46291 | Snake:4  | Killed Bai Suzhen
 47331 | Snake:4  | Got a serpentine rune of Zot
 47522 | Swamp:1  | Entered Level 1 of the Swamp
 47650 | Swamp:1  | Reached XP level 20. HP: 160/160 MP: 37/37
 48475 | Swamp:1  | Reached skill level 14 in Unarmed Combat
 48606 | Swamp:2  | Reached ****** piety under the Shining One
 50432 | Swamp:4  | Entered Level 4 of the Swamp
 51770 | Swamp:4  | Got a decaying rune of Zot
 52121 | Vaults:1 | Entered Level 1 of the Vaults
 52127 | Vaults:1 | Reached XP level 21. HP: 157/167 MP: 38/38
 52163 | Vaults:1 | Reached skill level 15 in Unarmed Combat
 52224 | Vaults:1 | Reached skill level 15 in Fighting
 52224 | Vaults:1 | Reached skill level 15 in Armour
 52224 | Vaults:1 | Reached skill level 15 in Shields
 52381 | Vaults:1 | Reached skill level 15 in Invocations
 54696 | Vaults:2 | Reached XP level 22. HP: 176/176 MP: 40/40
 54731 | Vaults:2 | Reached skill level 16 in Unarmed Combat
 55118 | Vaults:2 | Reached skill level 15 in Axes
 55278 | Vaults:2 | Found a staircase to the Crypt.
 55758 | Vaults:3 | Found Virphu Tukane's Armour Emporium.
 57118 | Vaults:4 | Found Opraxac's Antique Armour Shop.
 57122 | Vaults:4 | Bought a pair of jewelled boots for 361 gold pieces
 57122 | Vaults:4 | Identified the +1 pair of boots of Sloth {Int+2 Slay+2}
                  | (You bought it in a shop on level 4 of the Vaults)
 58162 | Vaults:4 | Identified the cursed +3 scythe "Quiskyp" {vamp, rElec
                  | MR+++ Dex-2 SInv} (You found it on level 4 of the Vaults)
 58432 | Crypt:1  | Entered Level 1 of the Crypt
 58462 | Crypt:1  | Reached XP level 23. HP: 183/183 MP: 41/41
 58488 | Crypt:1  | Identified the cursed +1 great sword "Fecozxoz" {protect,
                  | rN+ MR+ Dex+4}
 58514 | Crypt:1  | Reached skill level 17 in Unarmed Combat
 58702 | Crypt:1  | Reached skill level 15 in Short Blades
 58702 | Crypt:1  | Reached skill level 15 in Long Blades
 58702 | Crypt:1  | Reached skill level 15 in Maces & Flails
 58702 | Crypt:1  | Reached skill level 15 in Polearms
 58702 | Crypt:1  | Reached skill level 15 in Staves
 58702 | Crypt:1  | Reached skill level 15 in Slings
 58702 | Crypt:1  | Reached skill level 15 in Bows
 58702 | Crypt:1  | Reached skill level 15 in Crossbows
 58702 | Crypt:1  | Reached skill level 15 in Throwing
 58702 | Crypt:1  | Reached skill level 15 in Dodging
 58702 | Crypt:1  | Reached skill level 15 in Stealth
 58702 | Crypt:1  | Reached skill level 15 in Spellcasting
 58702 | Crypt:1  | Reached skill level 15 in Evocations
 59007 | Crypt:1  | Identified the Catalogue of Evil and Stones
 59608 | Crypt:2  | Reached skill level 15 in Fire Magic
 59611 | Crypt:2  | Identified a +3 broad axe of holy wrath (a +1 broad axe of
                  | freezing blessed by the Shining One)
 59611 | Crypt:2  | Received a gift from the Shining One
 59984 | D:11     | Bought a scroll of enchant weapon for 97 gold pieces
 60995 | Crypt:3  | Entered Level 3 of the Crypt
 61390 | Crypt:3  | Reached XP level 24. HP: 188/192 MP: 42/42
 61562 | Crypt:3  | Found a basalt altar of Yredelemnul.
 61656 | Crypt:3  | Reached skill level 18 in Unarmed Combat
 61978 | Crypt:3  | Identified the Papyrus of Ensnaring Companions
 62427 | Crypt:3  | Found a staircase to the Tomb.
 62919 | Crypt:3  | Identified the +1 scale mail "Geor" {*Contam rPois Str+2}
                  | (You found it on level 3 of the Crypt)
 63259 | Depths:1 | Entered Level 1 of the Depths
 63259 | Depths:1 | Found a transporter.
 63273 | Depths:1 | Noticed Mara
 63286 | Depths:1 | Noticed ReteAZ's illusion
 63311 | Depths:1 | Killed Mara
 63323 | Depths:1 | Noticed Reon's ghost (veteran TrMo)
 63332 | Depths:1 | Noticed a caustic shrike
 63372 | Depths:1 | Found a gateway to a ziggurat.
 63820 | Depths:1 | Found a transporter.
 64096 | Depths:1 | Found a gateway to Hell.
 64321 | Depths:2 | Found a one-way gate to the infinite horrors of the Abyss.
 64496 | Depths:2 | Identified the Disquisition on the Rocks and Summoning
 65092 | Depths:2 | Found Zerahan's Assorted Antiques.
 65307 | Depths:2 | Found a portal to a secret trove of treasure.
 65325 | Depths:2 | Found Ytuge Kifo's Armour Boutique.
 65330 | Depths:2 | Found Qynief's Magic Scroll Boutique.
 65339 | Depths:2 | Bought a scroll of teleportation for 45 gold pieces
 65339 | Depths:2 | Bought a scroll of teleportation for 45 gold pieces
 65339 | Depths:2 | Bought a scroll of enchant armour for 112 gold pieces
 65343 | Depths:2 | Bought a +1 pair of gloves of strength for 280 gold pieces
 65952 | Depths:2 | Reached XP level 25. HP: 156/201 MP: 43/43
 66098 | Depths:2 | Identified the +7 scimitar of Qemi {chaos, +Rage rElec
                  | rPois Stlth-} (You found it on level 2 of the Depths)
 66610 | Depths:3 | Reached skill level 19 in Unarmed Combat
 66656 | Depths:3 | Found a flickering gateway to a bazaar.
 66662 | Bazaar   | Entered a bazaar
 66662 | Bazaar   | Found Rywnoi's Gadget Boutique.
 66803 | Bazaar   | Found Afrytena's Antique Weapon Shop.
 66832 | Bazaar   | Found Royq Lol's General Store.
 66837 | Bazaar   | Found Saliomih's Magic Scroll Shop.
 66843 | Bazaar   | Found Cyasabeo's Magic Scroll Boutique.
 66846 | Bazaar   | Bought a scroll of teleportation for 21 gold pieces
 66846 | Bazaar   | Bought a scroll of enchant armour for 52 gold pieces
 66846 | Bazaar   | Bought a scroll of fear for 24 gold pieces
 66846 | Bazaar   | Bought a scroll of teleportation for 21 gold pieces
 66846 | Bazaar   | Bought a scroll of enchant armour for 52 gold pieces
 66852 | Bazaar   | Bought a scroll of teleportation for 21 gold pieces
 66852 | Bazaar   | Bought a scroll of blinking for 52 gold pieces
 66852 | Bazaar   | Bought a scroll of blinking for 52 gold pieces
 66878 | Bazaar   | Bought a wand of acid (11) for 330 gold pieces
 66899 | Bazaar   | Bought a scroll of fog for 18 gold pieces
 66905 | Bazaar   | Bought a scroll of silence for 52 gold pieces
 66905 | Bazaar   | Bought a scroll of teleportation for 21 gold pieces
 66921 | Bazaar   | Bought +2 pearl dragon scales for 975 gold pieces
 66989 | Depths:3 | Noticed a juggernaut
 67004 | Depths:3 | Killed a juggernaut
 67291 | Depths:3 | Identified a scroll of acquirement
 67873 | Depths:3 | Identified the +1 chain mail of Objectivity {*Drain +Fly
                  | Dex+7} (You found it on level 3 of the Depths)
 67937 | Depths:3 | Identified the +2 leather armour "Ezutisir" {rPois Str+4
                  | Int+4} (You found it on level 3 of the Depths)
 67952 | Depths:3 | Found a one-way gate leading to the halls of Pandemonium.
 68785 | Depths:4 | Reached XP level 26. HP: 188/209 MP: 0/43
 68969 | Depths:4 | Noticed Jory
 68984 | Depths:4 | Killed Jory
 69652 | Depths:5 | Entered Level 5 of the Depths
 70238 | Depths:5 | Paralysed by a floating eye for 4 turns
 70242 | Depths:5 | HP: 8/210 [titan (37)]
 70272 | Depths:5 | Reached skill level 20 in Unarmed Combat
 70274 | Depths:5 | Paralysed by a floating eye for 2 turns
 70669 | Depths:5 | Found a gate to the Realm of Zot.
 71515 | Depths:5 | Identified the Tome of Spatial Poisoning
 71799 | Hell     | Entered the Vestibule of Hell
 71799 | Hell     | Noticed Geryon
 71847 | Hell     | Killed Geryon
 71921 | Hell     | Found a gateway to the decaying netherworld of Tartarus.
 72135 | Hell     | Found a gateway to the freezing wastes of Cocytus.
 72317 | Hell     | Found a gateway to the Iron City of Dis.
 72367 | Hell     | Found a gateway to the ashen valley of Gehenna.
 72542 | Hell     | Learned a level 6 spell: Statue Form
 72931 | D:5      | Killed hemabe71's ghost
 73182 | Slime:1  | Entered Level 1 of the Pits of Slime
 73208 | Slime:2  | Gained mutation: You occasionally shout uncontrollably at
                  | your foes. [a shining eye]
 73217 | Slime:2  | Reached XP level 27. HP: 217/217 MP: 44/44
 73332 | Slime:3  | Gained mutation: You are frail. (-10% HP) [a shining eye]
 73536 | Slime:5  | Entered Level 5 of the Pits of Slime
 73605 | Slime:2  | HP: 7/195 [large slime creature (15)]
 74103 | Slime:4  | Gained mutation: You are dopey. (Int -2) [a shining eye]
 74247 | Slime:4  | Reached skill level 15 in Conjurations
 74247 | Slime:4  | Reached skill level 15 in Hexes
 74247 | Slime:4  | Reached skill level 15 in Summonings
 74247 | Slime:4  | Reached skill level 15 in Necromancy
 74247 | Slime:4  | Reached skill level 15 in Translocations
 74247 | Slime:4  | Reached skill level 15 in Transmutations
 74247 | Slime:4  | Reached skill level 15 in Ice Magic
 74247 | Slime:4  | Reached skill level 15 in Air Magic
 74247 | Slime:4  | Reached skill level 15 in Earth Magic
 74247 | Slime:4  | Reached skill level 15 in Poison Magic
 74577 | Slime:5  | Gained mutation: Your body sometimes deteriorates upon
                  | taking damage. [a shining eye]
 74584 | Slime:5  | Gained mutation: You are weak. (Str -2) [a shining eye]
 74587 | Slime:5  | Gained mutation: Armour fits poorly on your strangely
                  | shaped body. [a shining eye]
 74591 | Slime:5  | Gained mutation: Your magical capacity is low. (-10% MP) [a
                  | shining eye]
 74595 | Slime:5  | Gained mutation: You are very weak. (Str -4) [a shining
                  | eye]
 74833 | Slime:5  | Noticed the Royal Jelly
 74901 | Slime:5  | HP: 9/196 [azure jelly[the Royal Jelly] (8)]
 74901 | Slime:5  | Slain by an azure jelly

Illustrated notes

Levels and vault maps discovered:
D:1:      co_arrival_two_rings, layout_basic, hangedman_decor_growths,
          minmay_misc_feat_alley, interstate_on_off, xom_teletrap_fun
D:2:      layout_loops_ring
D:3:      layout_loops_corners, nicolae_overflow_crystal_walls,
          chequers_ecumenical_altar_simple_redux
D:4:      layout_loops_ring, minmay_temple_entry_statues_pillars,
          bloody_makhleb, uniq_grinder, uniq_blork_the_orc, uniq_duvessa
D:5:      layout_basic, evilmike_ruin_ashenzari, grunt_temple_overflow_open,
          gammafunk_ghost_grave, fedhas_altar_3
D:6:      minmay_inner_zag, layout_basic, nicolae_ru_the_path_less_chosen,
          basic_altar, kennysheep_dice, uniq_menkaure
D:7:      layout_gridville
D:8:      layout_layer_cave
D:9:      layout_cave_pools
D:10:     layout_basic, david_lair_generic, uniq_gastronok, uniq_maggie
D:11:     layout_basic, hiddenorc1_lemuel, serial_shops, shop
D:12:     layout_small_grid, uniq_rupert
D:13:     layout_irregular_city, grunt_vaults_entry_tiered, uniq_nessos
D:14:     layout_loops_cross, minmay_misc_feat_secret_circle, serial_shops, shop
D:15:     gammafunk_depths_entry_grave, layout_loops_cross, lemuel_round_altar,
          uniq_louise
Temple:   dpeg_chambers_temple
Lair:1:   layout_regular_city, serial_bayou_shore_b
Lair:2:   layout_hall_layers, beast_lair_carwin_5
Lair:3:   layout_gridlike, guppyfry_snake_entry_garden, special_room
          [special_room_bee], st_stairs_13, gammafunk_lair_bear_cave, uniq_snorg
Lair:4:   layout_loops_ring, minmay_swamp_entry_reptiles, serial_bayou_crossing,
          grunt_megastairs_3, serial_bayou_shore_b
Lair:5:   layout_hall_layers, eino_house_with_fridge, grunt_megastairs_5,
          minmay_lair_oklob_chamber, uniq_urug
Lair:6:   hangedman_lair_tendril_chambers, layout_big_grid, wormcave,
          slime_altar_2, st_stairs_7
Swamp:1:  layout_falls_marsh, evilmike_swamp_ruin_house_3
Swamp:2:  layout_basic_swamp, hangedman_swamp_pad
Swamp:3:  nicolae_swamp_phyte_club, layout_falls_marsh,
          nicolae_swamp_fairy_circle
Swamp:4:  swamp_vile, layout_basic_swamp, swamp_pool5
Snake:1:  layout_basic, nrook_guardian_serpent_ordinary
Snake:2:  layout_grid_maze, drop_trap, uniq_donald
Snake:3:  layout_layer_cave, uniq_vashnia
Snake:4:  grunt_snake_rune_serpentine_throne, layout_cave_town, uniq_bai_suzhen,
          uniq_aizul
Slime:1:  layout_caves
Slime:2:  layout_caves, cheibrodos_slime_lost_civilization_7
Slime:3:  layout_caves
Slime:4:  layout_caves, nicolae_slime_barrier
Slime:5
Orc:1:    layout_caves, serial_shops, shop_statue, uniq_maurice
Orc:2:    grunt_orc_cross, layout_diamond_mine, mines5_lemuel
Elf:1:    kennysheep_ambush_hall, layout_gridlike, serial_shops, shop,
          hangedman_elven_crosses_minicolossus, hangedman_feature_mirror
Elf:2:    layout_geoelf_diagonals
Elf:3:    minmay_elf_hall_four_x, layout_onion_city, serial_shops,
          nicolae_shop_crystal, nicolae_elf_glass_and_crystal_pillar_2
Vaults:1: nicolae_vaults_halls_meeting, v_alt_pattern_3,
          ontoclasm_vaults_loading_screen, hangedman_vaults_nails,
          hangedman_vaults_stretched_pinwheel, hangedman_vaults_restitches,
          ontoclasm_vaults_shuriken, hangedman_vaults_slice, v_alt_pattern_1,
          grunt_vaults_twisty, vaults_room_pools, v_misc_1,
          ontoclasm_vaults_ring_square, nicolae_vaults_twisting_passages,
          grunt_vaults_diagonal, ontoclasm_vaults_fault,
          layout_vaults_maze_bifur
Vaults:2: nicolae_vaults_circle_grid_a, nicolae_vaults_big_angled_halls,
          ontoclasm_vaults_claustrophobia, v_misc_19,
          nicolae_vaults_network_star, hangedman_vaults_maws,
          ontoclasm_vaults_ligature, vaults_dpeg_diagonal,
          minmay_crypt_entry_simple_round, v_misc_29, ontoclasm_vaults_spin,
          nicolae_vaults_murderbox, nicolae_vaults_border_crossing,
          ontoclasm_vaults_loading_screen, layout_vaults_big_cross
Vaults:3: hangedman_vaults_stagger, v_misc_26, hangedman_vaults_snaps,
          vaults_room_fours, vaults_mumra_hexcomb, v_misc_1,
          grunt_vaults_bifocal, vaults_room_grid, layout_vaults_big_room,
          serial_shops, shop
Vaults:4: nicolae_vaults_stairing_the_circle, v_rooms_3,
          nicolae_vaults_quadrants, v_alt_pattern_3, grunt_vaults_hallway_short,
          vaults_room_pools, layout_vaults_omnigrid, serial_shops, shop_statue
Crypt:1:  layout_gridlike, eino_tiny_chamber, lemuel_nasty_fountain
Crypt:2:  layout_gridlike, grunt_ministairs_4, minigarden_bobbens,
          grunt_megastairs_1, uniq_saint_roka
Crypt:3:  evilmike_haunted_forest
Depths:1: layout_basic, enter_ziggurat_e, pf_coc_iceberg,
          gammafunk_ghost_berserking_beasts, nicolae_water_bricks, uniq_mara
Depths:2: minmay_haunted_quarter, layout_basic, minmay_misc_feat_doors,
          hell_entry, abyss_entry, enter_trove_2, serial_shops, shop,
          minmay_staircase_windowed_small, minmay_shop_star
Depths:3: minmay_the_grid_square_5x5_4x4_mashed
          [minmay_the_grid_square_5x5_eight_small, minmay_the_grid_square_5x5_n,
          minmay_the_grid_square_5x5_checkered_statues,
          minmay_the_grid_square_5x5_tri_point,
          minmay_the_grid_square_5x5_bracketed,
          minmay_the_grid_square_5x5_prize_waves,
          minmay_the_grid_square_5x5_prize_snowflake,
          minmay_the_grid_square_5x5_forky,
          minmay_the_grid_square_5x5_three_walls,
          minmay_the_grid_square_5x5_prize_junk,
          minmay_the_grid_square_5x5_prize_open,
          minmay_the_grid_square_5x5_inverted_slash,
          minmay_the_grid_square_5x5_sharp_hourglass,
          minmay_the_grid_square_5x5_intrusive_squares,
          minmay_the_grid_square_5x5_two_walls_b,
          minmay_the_grid_square_5x5_minivault], layout_cave_pools, pan_entry,
          serial_shops, bzr_entry_safe, grunt_metal_band, special_room
          [special_room_mythical_zoo], st_stairs_3, hex_large
Depths:4: due_jory_tower, layout_cave_pools, hell_entry, rand_demon_pan_entry_3,
          minmay_misc_feat_diagonals, abyss_entry, minmay_staircase_bubble
Depths:5: grunt_zot_entry_funnels, layout_basic, grunt_hell_entry_dis_old,
          serial_bayou_pond_e, abyss_entry, minmay_checkered_concentric_circles,
          serial_bayou_shore_b, grunt_megastairs_4
Hell

Skill      XL: |  1  2  3  4  5  6  7  8  9 10 11 12 13 14 15 16 17 18 19 20 21 22 23 24 25 26 27 |
---------------+----------------------------------------------------------------------------------+-----
Invocations    | 1 2 3 4 5 6 7 8 9 10 11 12 13 14 15 16 17 18 | 18.8
Short Blades   | 1 2 3 4 5 6 7 8 9 10 11 12 13 14 15 16 17 | 17.4
Long Blades    | 1 2 3 4 5 6 7 8 9 10 11 12 13 14 15 16 17 | 17.4
Maces & Flails | 1 2 3 4 5 6 7 8 9 10 11 12 13 14 15 16 17 | 17.4
Polearms       | 1 2 3 4 5 6 7 8 9 10 11 12 13 14 15 16 17 | 17.4
Staves         | 1 2 3 4 5 6 7 8 9 10 11 12 13 14 15 16 17 | 17.4
Slings         | 1 2 3 4 5 6 7 8 9 10 11 12 13 14 15 16 17 | 17.4
Bows           | 1 2 3 4 5 6 7 8 9 10 11 12 13 14 15 16 17 18 19 | 19.0
Crossbows      | 1 2 3 4 5 6 7 8 9 10 11 12 13 14 15 16 17 | 17.4
Throwing       | 1 2 3 4 5 6 7 8 9 10 11 12 13 14 15 16 17 | 17.4
Dodging        | 1 2 3 4 5 6 7 8 9 10 11 12 13 14 15 16 17 | 17.4
Stealth        | 1 2 3 4 5 6 7 8 9 10 11 12 13 14 15 16 17 | 17.4
Unarmed Combat | 1 2 3 4 5 6 7 8 9 10 11 12 13 14 15 16 17 18 19 20 | 20.9
Spellcasting   | 1 2 3 4 5 6 7 8 9 10 11 12 13 14 15 16 17 | 17.4
Evocations     | 1 2 3 4 5 6 7 8 9 10 11 12 13 14 15 16 17 | 17.4
Conjurations   | 1 2 3 4 5 6 7 8 9 10 11 12 13 14 15 | 15.0
Hexes          | 1 2 3 4 5 6 7 8 9 10 11 12 13 14 15 | 15.0
Summonings     | 1 2 3 4 5 6 7 8 9 10 11 12 13 14 15 | 15.0
Necromancy     | 1 2 3 4 5 6 7 8 9 10 11 12 13 14 15 | 15.0
Translocations | 1 2 3 4 5 6 7 8 9 10 11 12 13 14 15 | 15.0
Transmutations | 1 2 3 4 5 6 7 8 9 10 11 12 13 14 15 | 15.0
Fire Magic     | 1 2 3 4 5 6 7 8 9 10 11 12 13 14 15 16 17 18 | 18.1
Ice Magic      | 1 2 3 4 5 6 7 8 9 10 11 12 13 14 15 | 15.0
Air Magic      | 1 2 3 4 5 6 7 8 9 10 11 12 13 14 15 | 15.0
Earth Magic    | 1 2 3 4 5 6 7 8 9 10 11 12 13 14 15 | 15.0
Poison Magic   | 1 2 3 4 5 6 7 8 9 10 11 12 13 14 15 | 15.0
Axes           | 5 6 7 8 9 10 11 12 13 14 15 16 17 | 17.9
Fighting       | 7 8 9 10 11 12 13 14 15 16 17 18 | 18.3
Armour         | 7 8 9 10 11 12 13 14 15 16 17 18 | 18.3
Shields        | 7 8 9 10 11 12 13 14 15 16 17 18 | 18.3

Action                   |  1- 3 |  4- 6 |  7- 9 | 10-12 | 13-15 | 16-18 | 19-21 | 22-24 | 25-27 || total
-------------------------+-------+-------+-------+-------+-------+-------+-------+-------+-------++-------
Melee: War axe           |   108 |    80 |   307 |   238 |       |       |       |       |       ||   733
       Bite              |    14 |    12 |    44 |   115 |   231 |   259 |   190 |   277 |   238 ||  1380
       Broad axe         |       |       |       |   397 |  1563 |   955 |  1380 |  1775 |  1406 ||  7476
       Spear             |       |       |       |    27 |    33 |       |       |       |       ||    60
       Rapier            |       |       |       |       |    81 |  1111 |   242 |       |    67 ||  1501
Throw: Dart              |       |       |       |    10 |    94 |    98 |       |       |       ||   202
       Javelin           |       |       |       |       |       |     1 |       |       |       ||     1
 Cast: Statue Form       |       |       |       |       |       |       |       |       |     1 ||     1
Invok: Divine Shield     |       |       |       |     3 |    17 |     7 |     4 |     4 |     3 ||    38
       Summon Divine War |       |       |       |       |     3 |     1 |     3 |     4 |       ||    11
       Brand Weapon With |       |       |       |       |       |       |       |     1 |       ||     1
Evoke: Wand              |       |       |     1 |     7 |     8 |     9 |     3 |     1 |     4 ||    33
  Use: Potion            |       |       |     1 |     3 |     2 |    12 |       |     1 |     5 ||    24
       Scroll            |       |       |     1 |    24 |    12 |    22 |     7 |    16 |    19 ||   101
Armor: Scale mail        |    20 |       |       |       |       |       |       |       |       ||    20
       Chain mail        |    30 |    43 |    43 |       |       |       |       |       |       ||   116
       Ring mail         |       |       |    43 |   268 |   528 |       |       |       |       ||   839
       Plate armour      |       |       |       |       |    14 |   797 |   724 |   677 |   559 ||  2771
       Skin              |       |       |       |       |       |     3 |       |       |    10 ||    13
Dodge: Dodged            |    36 |    23 |   116 |   534 |   937 |   478 |   558 |   623 |   604 ||  3909
Block: Kite shield       |    67 |    52 |   141 |       |  1538 |  1110 |  1367 |  1278 |  1156 ||  6709
       Buckler           |       |       |    13 |   375 |       |       |       |       |       ||   388
       Reflection        |       |       |       |       |     1 |    85 |   105 |    37 |    79 ||   307

Table legend: (Time is in decaauts)
 A = Elapsed time spent in this place.
 B = Non-inter-level travel time spent in this place.
 C = Inter-level travel time spent in this place.
 D = Time resting spent in this place.
 E = Time spent auto-exploring this place.
 F = Levels seen in this place.
 G = Mean time per level.
                   A        B        C        D        E       F      G
               +--------+--------+--------+--------+--------+-----+--------+
         Total |  74184 |  69087 |   5097 |  13850 |  36976 |  54 | 1373.8 |
       Dungeon |  17572 |  15721 |   1851 |   1397 |  10696 |  15 | 1171.5 |
        Temple |    230 |    194 |     36 |      0 |    189 |   1 |  230.0 |
          Lair |  11916 |  11164 |    752 |   3475 |   5453 |   6 | 1986.0 |
         Swamp |   4312 |   4197 |    115 |    605 |   2475 |   4 | 1078.0 |
     Snake Pit |   8732 |   8318 |    414 |   2489 |   3353 |   4 | 2183.0 |
    Slime Pits |   1649 |   1649 |      0 |   1092 |      0 |   5 |  329.8 |
  Orcish Mines |   2503 |   2276 |    227 |    351 |   1083 |   2 | 1251.5 |
   Elven Halls |   7523 |   7250 |    273 |   2670 |   2379 |   3 | 2507.7 |
        Vaults |   6569 |   5979 |    590 |    310 |   4170 |   4 | 1642.2 |
         Crypt |   4021 |   3740 |    281 |    201 |   2181 |   3 | 1340.3 |
        Depths |   8132 |   7613 |    519 |   1088 |   4618 |   5 | 1626.4 |
          Hell |    732 |    698 |     34 |     33 |    376 |   1 |  732.0 |
        Bazaar |    287 |    287 |      0 |    136 |      0 |   1 |  287.0 |
               +--------+--------+--------+--------+--------+-----+--------+

Top non-repeatable levels by time:
  Lair:6: 4245 daAuts
 Snake:2: 3029 daAuts
   Elf:3: 2714 daAuts
   Elf:2: 2458 daAuts
   Elf:1: 2349 daAuts
  Lair:3: 2310 daAuts
Depths:2: 2198 daAuts
 Snake:4: 2187 daAuts
Depths:5: 2137 daAuts
  Lair:5: 2123 daAuts
Vaults:2: 2015 daAuts
 Crypt:3: 1953 daAuts
     D:8: 1897 daAuts
Vaults:1: 1885 daAuts
   Orc:2: 1871 daAuts
